[ AOE2 MATCH · #495728608 ]
UnrankedMalay vs Tatars
Player's team · LOSS
Rival team · WIN
[ REPLAY ANALYSIS · EXTRACTED FROM THE RECORDED GAME ]
Feudal
8:28
Castle
20:45
Imperial
37:52
| APM avg | 56.2 |
| APM peak | 88 |
| eAPM avg | 26.2 |
| Villagers / military | 245 / 249 |
Focus
⚔️ 48.1% · 🌾 51.9%
Battle Elephant ×78 · Skirmisher ×57 · Spearman ×51 · Archer ×48 · Trebuchet (Packed) ×7 · Militia ×5
Feudal
8:25
Castle
22:23
Imperial
38:00
| APM avg | 72.0 |
| APM peak | 116 |
| eAPM avg | 38.4 |
| Villagers / military | 206 / 223 |
Focus
⚔️ 46.1% · 🌾 53.9%
Keshik ×103 · Skirmisher ×42 · Archer ×29 · Spearman ×22 · Mangonel ×7 · Scout Cavalry ×7
Match map
Initial resources + every placement click. Lines = walls · curves = elevation contours. ◆ gold · ⬟ stone · ● berries · ✦ relic · ◌ wall gap
Your base· ✓ Closed at 20:45 · 19t walls · 1 gate(s)
NOC | komtan's base· Open — unwalled flank
Smoothed initial terrain · ◌ = detected wall gap · hover for details
Inputs per minute
— ShatatsuKaragaraShigaraminoTsuji - - NOC | komtan
Build order — ShatatsuKaragaraShigaraminoTsuji
First 150 of 661 actions detected
| 0:00 | Queue | Villager (Male) |
| 0:00 | Queue | Villager (Male) |
| 0:01 | Queue | Villager (Male) |
| 0:01 | Queue | Villager (Male) |
| 0:01 | Queue | Villager (Male) |
| 0:01 | Queue | Villager (Male) |
| 0:01 | Queue | Villager (Male) |
| 0:01 | Queue | Villager (Male) |
| 0:02 | Build | House |
| 0:03 | Build | House |
| 1:25 | Queue | Villager (Male) |
| 1:25 | Queue | Villager (Male) |
| 2:02 | Queue | Villager (Male) |
| 2:02 | Queue | Villager (Male) |
| 2:02 | Queue | Villager (Male) |
| 2:02 | Queue | Villager (Male) |
| 2:02 | Queue | Villager (Male) |
| 2:33 | Queue | Villager (Male) |
| 2:33 | Queue | Villager (Male) |
| 2:34 | Queue | Villager (Male) |
| 2:34 | Queue | Villager (Male) |
| 2:45 | Build | Lumber Camp |
| 2:59 | Queue | Villager (Male) |
| 3:00 | Queue | Villager (Male) |
| 3:12 | Build | House |
| 3:28 | Queue | Villager (Male) |
| 3:28 | Queue | Villager (Male) |
| 3:40 | Queue | Villager (Male) |
| 3:50 | Queue | Villager (Male) |
| 3:50 | Queue | Villager (Male) |
| 4:52 | Queue | Villager (Male) |
| 5:16 | Queue | Villager (Male) |
| 5:33 | Build | Barracks |
| 5:40 | Queue | Villager (Male) |
| 5:49 | Build | House |
| 6:20 | Queue | Villager (Male) |
| 6:25 | Research | Loom |
| 6:58 | Build | Mining Camp |
| 7:01 | Build | House |
| 7:07 | Research | Feudal Age |
| 7:33 | Queue | Militia |
| 7:34 | Queue | Militia |
| 7:34 | Queue | Militia |
| 7:34 | Queue | Militia |
| 7:49 | Build | Mill |
| 8:07 | Queue | Militia |
| 8:28 | Queue | Villager (Male) |
| 8:28 | Age | Feudal Age |
| 8:52 | Queue | Villager (Male) |
| 9:07 | Research | Man-at-Arms (upgrade) |
| 9:12 | Build | Archery Range |
| 9:22 | Queue | Villager (Male) |
| 9:35 | Queue | Villager (Male) |
| 9:36 | Queue | Villager (Male) |
| 9:50 | Queue | Villager (Male) |
| 9:59 | Queue | Archer |
| 10:00 | Queue | Archer |
| 10:19 | Build | House |
| 10:23 | Queue | Villager (Male) |
| 10:28 | Build | House |
| 10:32 | Build | Palisade Wall |
| 10:34 | Queue | Villager (Male) |
| 10:38 | Build | Palisade Wall |
| 10:42 | Build | Palisade Wall |
| 10:44 | Build | Palisade Wall |
| 10:54 | Build | Palisade Gate |
| 10:59 | Queue | Villager (Male) |
| 11:14 | Queue | Villager (Male) |
| 11:14 | Queue | Archer |
| 11:30 | Queue | Spearman |
| 11:54 | Queue | Villager (Male) |
| 11:56 | Build | Farm |
| 11:58 | Build | Farm |
| 12:12 | Queue | Archer |
| 12:14 | Queue | Villager (Male) |
| 12:36 | Queue | Villager (Male) |
| 12:57 | Build | Blacksmith |
| 13:25 | Queue | Archer |
| 13:28 | Queue | Villager (Male) |
| 13:30 | Build | Farm |
| 13:31 | Build | Farm |
| 13:34 | Build | Farm |
| 13:42 | Queue | Archer |
| 13:52 | Queue | Villager (Male) |
| 13:54 | Build | Farm |
| 14:03 | Build | House |
| 14:10 | Build | Farm |
| 14:18 | Research | Double-Bit Axe |
| 14:18 | Research | Double-Bit Axe |
| 14:19 | Queue | Villager (Male) |
| 14:28 | Build | Farm |
| 14:37 | Build | House |
| 14:41 | Queue | Archer |
| 14:41 | Queue | Archer |
| 14:44 | Queue | Villager (Male) |
| 15:01 | Research | Fletching |
| 15:01 | Research | Fletching |
| 15:10 | Build | House |
| 15:12 | Queue | Villager (Male) |
| 15:12 | Queue | Villager (Male) |
| 15:12 | Queue | Villager (Male) |
| 15:18 | Build | Farm |
| 15:25 | Build | Farm |
| 16:01 | Queue | Villager (Male) |
| 16:03 | Build | Farm |
| 16:04 | Build | Farm |
| 16:13 | Queue | Villager (Male) |
| 16:13 | Queue | Archer |
| 16:14 | Queue | Archer |
| 16:14 | Queue | Archer |
| 16:21 | Build | Farm |
| 16:22 | Build | Farm |
| 16:24 | Queue | Villager (Male) |
| 16:27 | Build | Farm |
| 16:29 | Queue | Villager (Male) |
| 16:30 | Queue | Villager (Male) |
| 16:36 | Queue | Archer |
| 17:14 | Queue | Archer |
| 17:27 | Build | Archery Range |
| 18:13 | Build | Palisade Wall |
| 18:26 | Queue | Villager (Male) |
| 18:27 | Queue | Skirmisher |
| 18:27 | Queue | Skirmisher |
| 18:32 | Build | Lumber Camp |
| 19:00 | Build | House |
| 19:08 | Research | Castle Age |
| 19:09 | Research | Castle Age |
| 19:10 | Queue | Skirmisher |
| 19:10 | Queue | Skirmisher |
| 19:10 | Queue | Skirmisher |
| 19:11 | Queue | Skirmisher |
| 19:11 | Queue | Skirmisher |
| 19:47 | Research | Gold Mining |
| 19:47 | Research | Gold Mining |
| 19:52 | Build | Farm |
| 20:10 | Queue | Archer |
| 20:11 | Queue | Archer |
| 20:21 | Research | Padded Archer Armor |
| 20:35 | Queue | Villager (Male) |
| 20:45 | Age | Castle Age |
| 20:47 | Research | Crossbowman (upgrade) |
| 20:59 | Build | Town Center |
| 21:25 | Research | Bodkin Arrow |
| 21:26 | Research | Bodkin Arrow |
| 21:27 | Queue | Archer |
| 21:28 | Queue | Archer |
| 21:28 | Queue | Archer |
| 21:51 | Queue | Villager (Male) |
| 21:51 | Queue | Villager (Male) |
| 21:51 | Queue | Villager (Male) |
Build order — NOC | komtan
First 150 of 682 actions detected
| 0:00 | Queue | Villager (Male) |
| 0:00 | Queue | Villager (Male) |
| 0:01 | Queue | Villager (Male) |
| 0:01 | Queue | Villager (Male) |
| 0:02 | Build | House |
| 0:04 | Build | House |
| 1:23 | Queue | Villager (Male) |
| 1:23 | Queue | Villager (Male) |
| 1:55 | Queue | Villager (Male) |
| 1:55 | Queue | Villager (Male) |
| 2:10 | Queue | Villager (Male) |
| 2:46 | Queue | Villager (Male) |
| 2:50 | Build | Lumber Camp |
| 2:52 | Queue | Villager (Male) |
| 2:52 | Queue | Villager (Male) |
| 2:52 | Queue | Villager (Male) |
| 3:13 | Queue | Villager (Male) |
| 3:47 | Queue | Villager (Male) |
| 4:05 | Build | House |
| 4:05 | Queue | Villager (Male) |
| 4:18 | Queue | Villager (Male) |
| 5:06 | Build | Mill |
| 5:08 | Research | Loom |
| 5:12 | Queue | Villager (Male) |
| 5:15 | Research | Loom |
| 6:15 | Research | Feudal Age |
| 6:55 | Queue | Villager (Male) |
| 7:24 | Build | Barracks |
| 7:30 | Build | Palisade Wall |
| 7:34 | Build | Palisade Wall |
| 7:42 | Build | House |
| 7:47 | Build | House |
| 7:50 | Queue | Villager (Male) |
| 8:25 | Age | Feudal Age |
| 8:27 | Queue | Villager (Male) |
| 8:35 | Build | Stable |
| 8:43 | Queue | Villager (Male) |
| 8:55 | Build | Palisade Wall |
| 8:57 | Build | Palisade Wall |
| 8:58 | Build | Palisade Wall |
| 9:00 | Build | Palisade Wall |
| 9:02 | Build | Palisade Wall |
| 9:02 | Queue | Villager (Male) |
| 9:07 | Queue | Villager (Male) |
| 9:09 | Build | Palisade Wall |
| 9:10 | Build | Palisade Wall |
| 9:12 | Build | House |
| 9:19 | Queue | Villager (Male) |
| 9:21 | Build | Palisade Wall |
| 9:22 | Queue | Scout Cavalry |
| 9:34 | Queue | Villager (Male) |
| 9:53 | Queue | Scout Cavalry |
| 10:09 | Research | Double-Bit Axe |
| 10:10 | Queue | Villager (Male) |
| 10:35 | Build | Archery Range |
| 10:38 | Queue | Villager (Male) |
| 10:45 | Queue | Villager (Male) |
| 10:58 | Queue | Villager (Male) |
| 11:05 | Queue | Spearman |
| 11:07 | Queue | Scout Cavalry |
| 11:12 | Queue | Villager (Male) |
| 11:28 | Build | Mining Camp |
| 11:33 | Build | House |
| 11:37 | Queue | Scout Cavalry |
| 12:02 | Build | Farm |
| 12:03 | Queue | Villager (Male) |
| 12:03 | Queue | Archer |
| 12:15 | Build | Farm |
| 12:22 | Queue | Skirmisher |
| 12:23 | Queue | Villager (Male) |
| 12:37 | Build | House |
| 12:37 | Queue | Villager (Male) |
| 12:38 | Queue | Villager (Male) |
| 12:56 | Queue | Scout Cavalry |
| 13:00 | Queue | Villager (Male) |
| 13:05 | Queue | Villager (Male) |
| 13:07 | Queue | Villager (Male) |
| 13:25 | Queue | Skirmisher |
| 13:43 | Queue | Villager (Male) |
| 13:52 | Queue | Archer |
| 13:57 | Build | House |
| 14:01 | Build | Farm |
| 14:04 | Research | Horse Collar |
| 14:07 | Queue | Villager (Male) |
| 14:13 | Build | House |
| 14:22 | Build | Palisade Wall |
| 14:23 | Queue | Villager (Male) |
| 14:31 | Build | Blacksmith |
| 14:33 | Queue | Archer |
| 14:46 | Build | Farm |
| 14:47 | Queue | Villager (Male) |
| 14:50 | Build | Farm |
| 14:57 | Queue | Villager (Male) |
| 15:03 | Queue | Archer |
| 15:11 | Build | House |
| 15:16 | Build | Palisade Wall |
| 15:17 | Queue | Villager (Male) |
| 15:20 | Build | House |
| 15:23 | Build | Farm |
| 15:29 | Build | Palisade Wall |
| 15:38 | Queue | Villager (Male) |
| 15:47 | Queue | Villager (Male) |
| 16:07 | Research | Fletching |
| 16:07 | Research | Fletching |
| 16:08 | Queue | Villager (Male) |
| 16:20 | Queue | Archer |
| 16:22 | Build | Farm |
| 16:23 | Build | Farm |
| 16:24 | Build | Farm |
| 16:32 | Queue | Villager (Male) |
| 16:40 | Queue | Villager (Male) |
| 16:53 | Queue | Villager (Male) |
| 16:57 | Build | Farm |
| 17:06 | Queue | Archer |
| 17:25 | Build | Farm |
| 17:26 | Build | Farm |
| 17:32 | Queue | Villager (Male) |
| 17:39 | Build | Farm |
| 17:48 | Queue | Archer |
| 17:52 | Queue | Villager (Male) |
| 17:54 | Build | Farm |
| 17:56 | Build | Farm |
| 18:08 | Build | Palisade Wall |
| 18:19 | Queue | Villager (Male) |
| 18:22 | Queue | Archer |
| 18:31 | Build | Farm |
| 18:35 | Queue | Villager (Male) |
| 19:00 | Queue | Archer |
| 19:03 | Build | House |
| 19:09 | Build | House |
| 19:10 | Build | House |
| 19:43 | Build | Archery Range |
| 19:43 | Research | Castle Age |
| 19:46 | Queue | Archer |
| 19:56 | Build | House |
| 20:08 | Queue | Archer |
| 20:13 | Research | Gold Mining |
| 20:20 | Queue | Archer |
| 20:32 | Build | Lumber Camp |
| 20:37 | Build | House |
| 20:58 | Build | House |
| 21:00 | Build | House |
| 21:01 | Build | House |
| 21:02 | Build | House |
| 21:07 | Build | House |
| 21:19 | Build | House |
| 21:23 | Queue | Archer |
| 21:32 | Build | House |
| 21:45 | Build | Market |
| 21:51 | Build | House |
Match timeline
| 5:33 | ShatatsuKaragaraShigaraminoTsuji · first_building Barracks |
| 7:24 | NOC | komtan · first_building Barracks |
| 7:30 | NOC | komtan · wall_segment Palisade Wall x1 |
| 7:34 | NOC | komtan · wall_segment Palisade Wall x1 |
| 8:25 | NOC | komtan · age_up feudal |
| 8:28 | ShatatsuKaragaraShigaraminoTsuji · age_up feudal |
| 8:35 | NOC | komtan · first_building Stable |
| 8:55 | NOC | komtan · wall_segment Palisade Wall x1 |
| 8:57 | NOC | komtan · wall_segment Palisade Wall x1 |
| 8:58 | NOC | komtan · wall_segment Palisade Wall x1 |
| 9:00 | NOC | komtan · wall_segment Palisade Wall x1 |
| 9:02 | NOC | komtan · wall_segment Palisade Wall x1 |
| 9:09 | NOC | komtan · wall_segment Palisade Wall x1 |
| 9:10 | NOC | komtan · wall_segment Palisade Wall x1 |
| 9:12 | ShatatsuKaragaraShigaraminoTsuji · first_building Archery Range |
| 9:21 | NOC | komtan · wall_segment Palisade Wall x1 |
| 10:32 | ShatatsuKaragaraShigaraminoTsuji · wall_segment Palisade Wall x9 |
| 10:35 | NOC | komtan · first_building Archery Range |
| 10:38 | ShatatsuKaragaraShigaraminoTsuji · wall_segment Palisade Wall x7 |
| 10:42 | ShatatsuKaragaraShigaraminoTsuji · wall_segment Palisade Wall x1 |
| 10:44 | ShatatsuKaragaraShigaraminoTsuji · wall_segment Palisade Wall x1 |
| 14:22 | NOC | komtan · wall_segment Palisade Wall x14 |
| 15:16 | NOC | komtan · wall_segment Palisade Wall x7 |
| 15:29 | NOC | komtan · wall_segment Palisade Wall x4 |
| 18:08 | NOC | komtan · wall_segment Palisade Wall x9 |
| 18:13 | ShatatsuKaragaraShigaraminoTsuji · wall_segment Palisade Wall x1 |
| 20:45 | ShatatsuKaragaraShigaraminoTsuji · age_up castle |
| 22:23 | NOC | komtan · age_up castle |
| 26:27 | NOC | komtan · first_building Siege Workshop |
| 28:37 | ShatatsuKaragaraShigaraminoTsuji · first_market_sell 100 wood |
| 29:45 | ShatatsuKaragaraShigaraminoTsuji · first_building Siege Workshop |
| 32:52 | ShatatsuKaragaraShigaraminoTsuji · first_building Stable |
| 33:07 | NOC | komtan · first_building Monastery |
| 35:45 | ShatatsuKaragaraShigaraminoTsuji · first_market_buy 100 food |
| 37:22 | NOC | komtan · first_market_buy 100 stone |
| 37:25 | NOC | komtan · first_building Castle |
| 37:52 | ShatatsuKaragaraShigaraminoTsuji · age_up imperial |
| 38:00 | NOC | komtan · age_up imperial |
| 40:19 | NOC | komtan · first_market_sell 500 wood |
| 40:26 | ShatatsuKaragaraShigaraminoTsuji · first_building Castle |
| 41:22 | ShatatsuKaragaraShigaraminoTsuji · first_building Monastery |
| 44:08 | ShatatsuKaragaraShigaraminoTsuji · wall_segment Stone Wall x1 |
| 47:22 | ShatatsuKaragaraShigaraminoTsuji · wall_segment Stone Wall x9 |
| 47:25 | ShatatsuKaragaraShigaraminoTsuji · wall_segment Stone Wall x1 |
| 47:26 | ShatatsuKaragaraShigaraminoTsuji · wall_segment Stone Wall x1 |
| 52:43 | ShatatsuKaragaraShigaraminoTsuji · resign |
[ AI ANALYSIS · 1 CREDIT ]
What really happened in this match?
Wolo.gg analyzes every decision: build order, eco, micro, common mistakes by bracket. Personalized analysis on WhatsApp or Discord in 30 seconds.
Civ guide
Malay
Perfil
Jugador #20417324